 Dungeon Crawl Stone Soup version 0.30.0-29-ga12c61a403 (webtiles) character file.

Game seed: 15714555102128909420

2573 cheesebisquit the Grappler (level 9, -5/83 HPs)
             Began as a Troll Monk on June 3, 2023.
             Slain by a scorpion (7 damage)
             ... summoned by Amaemon
             ... on level 7 of the Dungeon.
             The game lasted 00:15:18 (5084 turns).

cheesebisquit the Grappler (Troll Monk)             Turns: 5084, Time: 00:15:18

Health: -5/83      AC:  5    Str: 22    XL:     9   Next: 32%
Magic:  8/8        EV: 16    Int:  7    God:
Gold:   465        SH:  5    Dex: 16    Spells: 8/8 levels left

rFire   . .          .
                       - Unarmed
rCold   . . .        c - orb {light}
rNeg    . . .        a - +0 robe
rPois   .            v - +0 hat
rElec   .            z - +0 cloak
rCorr   .            (gloves unavailable)
SInv    .            (boots unavailable)
Will    .....        e - amulet of reflection
Stlth   +            m - +5 ring of evasion
HPRegen 1.13/turn    (no ring)
MPRegen 0.11/turn

%: reflection
@: lethally poisoned (-5 -> -26), slowed, glowing, very slow
A: large, unfitting armour, claws 3, regeneration 1, shaggy fur 1, tough skin 1,
agile 1
a: no special abilities


You were on level 7 of the Dungeon.
You visited 2 branches of the dungeon, and saw 9 of its levels.

You collected 465 gold pieces.

Inventory:

Hand Weapons
 D - a +0 giant spiked club
Missiles
 E - 2 silver boomerangs
 F - 2 boomerangs (quivered)
Armour
 a - a +0 robe (worn)
 c - an orb of light (worn)
 v - a +0 hat (worn)
 z - a +0 cloak (worn)
Jewellery
 e - an amulet of reflection (around neck)
 m - a +5 ring of evasion (left claw)
 x - an amulet of guardian spirit
 A - an amulet of faith
 I - a ring of magical power
Scrolls
 d - a scroll of butterflies {unknown}
 f - 3 scrolls of enchant weapon {unknown}
 h - 2 scrolls of fog {unknown}
 i - 6 scrolls of identify {unknown}
 j - a scroll of blinking {unknown}
 t - 3 scrolls of amnesia {unknown}
 w - a scroll of vulnerability {unknown}
 y - 3 scrolls of immolation {unknown}
 B - a scroll of enchant armour {unknown}
 C - a scroll of torment {unknown}
Potions
 b - 2 potions of ambrosia
 g - 4 potions of curing
 k - 3 potions of mutation
 l - a potion of resistance {unknown}
 n - a potion of flight {unknown}
 o - a potion of invisibility {unknown}
 p - a potion of cancellation {unknown}
 q - a potion of attraction {unknown}
 r - 2 potions of degeneration {unknown}
 s - a potion of might {unknown}
 u - 2 potions of magic {unknown}
 G - a potion of heal wounds {unknown}
 H - 2 potions of lignification {unknown}
 J - a potion of brilliance {unknown}


   Skills:
 + Level 3.6 Fighting
 + Level 2.7 Throwing
 + Level 3.6 Dodging
 * Level 11.7 Unarmed Combat


You had 8 spell levels left.
You didn't know any spells.
Your spell library contained the following spells:

 Spells                   Type           Power      Damage    Failure   Level
 Summon Small Mammal      Summ           0%         N/A       43%         1
 Call Canine Familiar     Summ           0%         N/A       80%         3
 Ozocubu's Armour         Ice            0%         N/A       80%         3
 Summon Guardian Golem    Hex/Summ       0%         N/A       80%         3
 Ozocubu's Refrigeration  Ice            0%         4d7       100%        7


Dungeon Overview and Level Annotations

Branches:
Dungeon (8/15)             Temple (1/1) D:6
   Lair: D:8-11

Altars:
Ashenzari
Cheibriados
Dithmenos
Elyvilon
Fedhas
Gozag
Hepliaklqana
Kikubaaqudgha
Makhleb
Nemelex Xobeh
Okawaru
Qazlal
Ru
Sif Muna
Trog
Vehumet
Wu Jian
Xom
Zin
The Shining One

Shops:
D:2 (

Annotations:
D:6 exclusion: moth of wrath
D:7 Amaemon


Innate Abilities, Weirdness & Mutations

You are too large for most types of armour.
You have claws for hands.
Your natural rate of healing is unusually fast.
You are covered in fur. (AC +1)
You have tough skin. (AC +1)
You are agile. (Dex +4, Str/Int -1)


Message History

You feel very sick. The scorpion barely misses you.
The scorpion stings you but does no damage.
The scorpion completely misses you. Amaemon closely misses you.
Amaemon misses you. Amaemon tail-slaps you.
* * * LOW HITPOINT WARNING * * *
The scorpion barely misses you. The scorpion misses you.
The scorpion closely misses you.
It was a potion of curing.
You feel better.
You feel less invigorated.
Amaemon casts a spell at the scorpion.
The scorpion seems to grow toxic.
The scorpion stings you.
* * * LOW HITPOINT WARNING * * *
The scorpion stings you.
* * * LOW HITPOINT WARNING * * *
The scorpion closely misses you.
It was a potion of mutation.
You feel extremely strange.
You feel agile. Amaemon closely misses you. You block Amaemon's attack.
Amaemon closely misses you. The scorpion stings you.
* * * LOW HITPOINT WARNING * * *
You are poisoned.
The scorpion poisons you! The scorpion misses you. The scorpion stings you.
* * * LOW HITPOINT WARNING * * *
You are more poisoned.
You have difficulty breathing.
* * * LOW HITPOINT WARNING * * *
You feel yourself slow down.
You feel better. The scorpion stings you.
* * * LOW HITPOINT WARNING * * *
You are poisoned.
The scorpion poisons you!
The scorpion stings you but does no damage.
The scorpion barely misses you.
Amaemon hits you with a +1 demon whip of venom!
* * * LOW HITPOINT WARNING * * *
You are more poisoned.
Amaemon claws you.
* * * LOW HITPOINT WARNING * * *
Amaemon completely misses you. The scorpion stings you!
You die...

....###....###..)........#.......
###.#......#####...###.###.#.|...
........).).........##.....#.....
...................#.#.....#.....
.................................
............##)....#.............
............#..........##.......#
...........##..s.......#........#
...........##..s@.##...##.......#
...........##..6s..#...#.........
#.....................##......#.#
#.......#.#...........#..###..###
#......####.).................###
.......##........................
......##.........................
..........#..#.................#.
###.......#####.......##......##.


You could see Amaemon and 3 scorpions.

Vanquished Creatures
  A deep elf pyromancer (D:6)
  2 water moccasins
  Pargi (D:3)
  2 ice beasts
  A sky beast (D:5)
  A black bear (D:4)
  2 ogres (D:6)
  2 centaurs
  2 phantoms
  A bullfrog (D:7)
  A scorpion (D:6)
  4 wights
  A howler monkey (D:5)
  4 hounds
  2 orc priests
  A jelly (D:6)
  Crazy Yiuf (D:7)
  A gnoll bouda (D:7)
  A sleepcap (D:4)
  An iguana (D:6)
  3 orc wizards
  6 adders
  6 gnolls
  A white imp (D:6)
  An ufetubus (D:5)
  2 worms
  4 dart slugs
  30 orcs
  6 ball pythons
  4 endoplasms
  2 giant cockroaches (D:2)
  8 goblins
  8 hobgoblins
  15 jackals
  5 quokkas
  8 bats
  6 kobolds
  7 rats
154 creatures vanquished.

Notes
Turn   | Place    | Note
-------+----------+-------------------------------------------
     0 | D:1      | cheesebisquit the Troll Monk began the quest for the Orb.
     0 | D:1      | Reached XP level 1. HP: 22/22 MP: 0/0
    46 | D:1      | Reached XP level 2. HP: 22/29 MP: 1/1
   215 | D:1      | Reached skill level 4 in Unarmed Combat
   269 | D:1      | Reached XP level 3. HP: 33/36 MP: 2/2
   424 | D:1      | Found a faded altar of an unknown god.
   715 | D:2      | Found Neson's Weapon Emporium.
  1281 | D:3      | Reached XP level 4. HP: 44/44 MP: 3/3
  1359 | D:3      | Reached skill level 5 in Unarmed Combat
  1407 | D:3      | Found a snail-covered altar of Cheibriados.
  1407 | D:3      | Found a shadowy altar of Dithmenos.
  1440 | D:3      | Reached XP level 5. HP: 50/50 MP: 4/4
  1482 | D:3      | Noticed Pargi
  1494 | D:3      | Killed Pargi
  1495 | D:3      | Reached skill level 6 in Unarmed Combat
  1822 | D:3      | Reached XP level 6. HP: 59/59 MP: 5/5
  2066 | D:4      | Reached skill level 7 in Unarmed Combat
  2549 | D:5      | Entered Level 5 of the Dungeon
  2593 | D:5      | Noticed a sky beast
  2597 | D:5      | Killed a sky beast
  2598 | D:5      | Reached skill level 8 in Unarmed Combat
  2598 | D:5      | Reached XP level 7. HP: 66/66 MP: 6/6
  2828 | D:5      | Found a glowing silver altar of Zin.
  2965 | D:5      | Reached skill level 9 in Unarmed Combat
  3051 | D:5      | Found a burning altar of Makhleb.
  3054 | D:5      | Noticed a cacodemon
  3058 | D:5      | Noticed a smoke demon
  3058 | D:5      | Noticed a hellwing
  3233 | D:6      | Reached skill level 10 in Unarmed Combat
  3233 | D:6      | Reached XP level 8. HP: 74/74 MP: 7/7
  3345 | D:6      | Found a white marble altar of Elyvilon.
  3427 | D:6      | Noticed a moth of wrath
  3430 | D:6      | Found a bloodstained altar of Trog.
  3567 | D:6      | Found a staircase to the Ecumenical Temple.
  3580 | Temple   | Entered the Ecumenical Temple
  3962 | D:6      | Noticed a deep elf pyromancer
  3971 | D:6      | Killed a deep elf pyromancer
  3972 | D:6      | Reached skill level 1 in Throwing
  3972 | D:6      | Reached skill level 11 in Unarmed Combat
  4370 | D:6      | Reached XP level 9. HP: 71/81 MP: 8/8
  4736 | D:7      | Found a runed translucent door.
  4737 | D:7      | Noticed Crazy Yiuf
  4857 | D:7      | Found a blossoming altar of Fedhas.
  5010 | D:7      | Killed Crazy Yiuf
  5066 | D:8      | Noticed Amaemon
  5066 | D:8      | Noticed an orange demon
  5083 | D:7      | Gained mutation: You are agile. (Dex +4, Str/Int -1)
                  | [potion of mutation]
  5083 | D:7      | HP: 4/83 [asphyx]
  5084 | D:7      | Slain by a scorpion

Illustrated notes

Levels and vault maps discovered:
D:1:      matt_arrival_los_fun, layout_basic, dreamdust_ecumenical_altar_statues
D:2:      layout_basic, serial_shops, shop, minmay_tetromino_t4
D:3:      minmay_spotlight, layout_loops_ring, nicolae_overflow_two_pavilions,
          st_stairs_5, uniq_pargi
D:4:      layout_rooms
D:5:      layout_cave_pods, lemuel_doored_altar, makhleb_altar_promises_db
D:6:      layout_basic, mainiacjoe_overflow_six_doors_small, tgw_trog,
          minmay_temple_entry_overgrown, serial_co_window_serial,
          co_window_corner_a, co_window_paths_a, co_window_paths_a,
          co_window_corner_a, co_window_corner_a, co_window_paths_c,
          co_window_unsneaky_path_a, co_window_of_opportunity_b,
          co_window_unsneaky_path_e, co_window_unsneaky_path_a,
          co_window_unsneaky_path_c, glass_columns_c, glass_columns_b,
          glass_columns_a, guppyfry_early_elven_hall
D:7:      layout_cave_pools, fedhas_altar_1, uniq_crazy_yiuf_cottage
D:8:      layout_layer_cave, uniq_amaemon
Temple:   dshaligram_water_room_temple

Skill      XL: |  1  2  3  4  5  6  7  8  9 |
---------------+----------------------------+-----
Unarmed Combat | 4 5 6 8 10 11 | 11.7
Fighting       | 3 |  3.6
Throwing       | 1 2 |  2.7
Dodging        | 3 |  3.6

Action                     |  1- 3 |  4- 6 |  7- 9 || total
---------------------------+-------+-------+-------++-------
  Melee: Unarmed           |   109 |   103 |   130 ||   342
  Throw: Boomerang         |       |       |    36 ||    36
    Use: Potion            |       |       |     4 ||     4
 Armour: Robe              |    37 |    22 |    23 ||    82
  Dodge: Dodged            |    52 |    54 |    72 ||   178
  Block: Orb               |    22 |    14 |    18 ||    54
         Reflection        |       |     1 |     1 ||     2
